| TOP OF THE 1ST |
|
Sacramento River Cats batting - Pitching for Oklahoma City Dodgers : LHP Wayne Perry
|
|
Pitching: LHP Wayne Perry
|
|
|
Batting: LHB Mason Duffy
|
0-0: Ground out 4-3 (Groundball, 13, EV 88.1 MPH)
|
|
Batting: RHB Brian Rogers
|
0-0: Called Strike 0-1: Called Strike 0-2: Strikes out swinging
|
|
Batting: LHB Dillon Gonzalez
|
0-0: Called Strike 0-1: Ball 1-1: Foul Ball, location: 2F 1-2: Ball 2-2: Ball 3-2: Strikes out looking
|
| Top of the 1st over - 0 runs, 0 hits, 0 errors, 0 left on base; Sacramento 0 - Oklahoma City 0 |
| BOTTOM OF THE 1ST |
|
Oklahoma City Dodgers batting - Pitching for Sacramento River Cats : LHP Dave Burridge
|
|
Pitching: LHP Dave Burridge
|
|
|
Batting: RHB Theo Schepers
|
0-0: Foul Ball, location: 2F 0-1: Ball 1-1: Foul Ball, location: 2F 1-2: Ball 2-2: Ball 3-2: Strikes out swinging
|
|
Batting: RHB Tommy Hunter
|
0-0: Called Strike 0-1: Foul Ball, location: 2F 0-2: Ball 1-2: Strikes out swinging
|
|
Batting: RHB Alex Cid
|
0-0: Fly out, F8 (Line Drive, 8LS, EV 101.2 MPH)
|
| Bottom of the 1st over - 0 runs, 0 hits, 0 errors, 0 left on base; Sacramento 0 - Oklahoma City 0 |
| TOP OF THE 2ND |
|
Sacramento River Cats batting - Pitching for Oklahoma City Dodgers : LHP Wayne Perry
|
|
Batting: RHB Justin Bonner
|
0-0: Foul Ball, location: 2F 0-1: Ball 1-1: Ball 2-1: SOLO HOME RUN (Flyball, 8RXD, EV 111.9 MPH), Distance : 417 ft
|
|
Batting: RHB Tyler Mapes
|
0-0: Ball 1-0: DOUBLE (Flyball, 78XD, EV 102.5 MPH)
|
|
Batting: LHB Pauli Gassinger
|
0-0: Foul Ball, location: 2F 0-1: Swinging Strike 0-2: Strikes out looking
|
|
Batting: RHB Carlos Talavera
|
0-0: Reached on error, E6 (Groundball, 6, EV 105.6 MPH) Tyler Mapes to third
|
|
Batting: LHB Franklin Quezada
|
0-0: Ball 1-0: Swinging Strike 1-1: Foul Ball, location: 2F 1-2: Strikes out swinging
|
|
Batting: RHB Steve Jones
|
0-0: Ball 1-0: Ball 2-0: Called Strike 2-1: SINGLE (Groundball, 25, EV 65.0 MPH) (infield hit) Tyler Mapes scores Carlos Talavera to second
|
|
Batting: LHB Mason Duffy
|
0-0: Called Strike 0-1: Ground out 4-3 (Groundball, 4, EV 102.5 MPH)
|
| Top of the 2nd over - 2 runs, 3 hits, 1 error, 2 left on base; Sacramento 2 - Oklahoma City 0 |
| BOTTOM OF THE 2ND |
|
Oklahoma City Dodgers batting - Pitching for Sacramento River Cats : LHP Dave Burridge
|
|
Batting: LHB Stephen Van Raalte
|
0-0: Called Strike 0-1: Foul Ball, location: 2F 0-2: Fly out, F7 (Flyball, 7, EV 84.4 MPH)
|
|
Batting: LHB Chris Buchan
|
0-0: Called Strike 0-1: Ball 1-1: Ball 2-1: Fly out, F7 (Flyball, 78S, EV 90.0 MPH)
|
|
Batting: LHB Steve Pond
|
0-0: Ball 1-0: SOLO HOME RUN (Flyball, 7D, EV 96.9 MPH), Distance : 357 ft
|
|
Batting: LHB Tore Bosch
|
0-0: Called Strike 0-1: Ball 1-1: Swinging Strike 1-2: Ball 2-2: Fly out, F7 (Flyball, 7, EV 85.0 MPH)
|
| Bottom of the 2nd over - 1 run, 1 hit, 0 errors, 0 left on base; Sacramento 2 - Oklahoma City 1 |
| TOP OF THE 3RD |
|
Sacramento River Cats batting - Pitching for Oklahoma City Dodgers : LHP Wayne Perry
|
|
Batting: RHB Brian Rogers
|
0-0: Called Strike 0-1: Ball 1-1: Ball 2-1: Foul Ball, location: 2F 2-2: Ground out 6-3 (Groundball, 6, EV 81.2 MPH)
|
|
Batting: LHB Dillon Gonzalez
|
0-0: Called Strike 0-1: Foul Ball, location: 2F 0-2: Ball 1-2: Ball 2-2: Foul Ball, location: 2F 2-2: Ball 3-2: Foul Ball, location: 2F 3-2: Base on Balls
|
|
Batting: RHB Justin Bonner
|
0-0: Called Strike 0-1: Swinging Strike 0-2: Ball 1-2: Ball 2-2: Ball 3-2: Base on Balls Dillon Gonzalez to second
|
|
Batting: RHB Tyler Mapes
|
0-0: Grounds into double play, 4-6-3 (Groundball, 34, EV 98.8 MPH)
|
| Top of the 3rd over - 0 runs, 0 hits, 0 errors, 1 left on base; Sacramento 2 - Oklahoma City 1 |
| BOTTOM OF THE 3RD |
|
Oklahoma City Dodgers batting - Pitching for Sacramento River Cats : LHP Dave Burridge
|
|
Batting: LHB Darrell Ortega
|
0-0: Swinging Strike 0-1: Ball 1-1: Ball 2-1: Foul Ball, location: 2F 2-2: Ground out 5-3 (Groundball, 5, EV 86.9 MPH)
|
|
Batting: RHB Rick Pittman
|
0-0: Ball 1-0: Ground out 6-3 (Groundball, 6S, EV 78.8 MPH)
|
|
Batting: RHB Theo Schepers
|
0-0: Called Strike 0-1: Foul Ball, location: 2F 0-2: Strikes out swinging
|
| Bottom of the 3rd over - 0 runs, 0 hits, 0 errors, 0 left on base; Sacramento 2 - Oklahoma City 1 |
| TOP OF THE 4TH |
|
Sacramento River Cats batting - Pitching for Oklahoma City Dodgers : LHP Wayne Perry
|
|
Batting: LHB Pauli Gassinger
|
0-0: Fly out, F9 (Line Drive, 9S, EV 92.5 MPH)
|
|
Batting: RHB Carlos Talavera
|
0-0: SINGLE (Groundball, 4, EV 96.2 MPH)
|
|
Batting: LHB Franklin Quezada
|
0-0: Ball 1-0: Ball 2-0: Fielders Choice at 2nd, 6-4 (Groundball, 6, EV 98.1 MPH)
|
|
Batting: RHB Steve Jones
|
0-0: Ball 1-0: Foul Ball, location: 2F 1-1: Ground out 4-3 (Groundball, 34, EV 91.9 MPH)
|
| Top of the 4th over - 0 runs, 1 hit, 0 errors, 1 left on base; Sacramento 2 - Oklahoma City 1 |
| BOTTOM OF THE 4TH |
|
Oklahoma City Dodgers batting - Pitching for Sacramento River Cats : LHP Dave Burridge
|
|
Batting: RHB Tommy Hunter
|
0-0: Foul Ball, location: 2F 0-1: Ball 1-1: Called Strike 1-2: Ball 2-2: Ball 3-2: Foul Ball, location: 2F 3-2: Foul Ball, location: 2F 3-2: Fly out, F7 (Flyball, 78D, EV 83.1 MPH)
|
|
Batting: RHB Alex Cid
|
0-0: Ball 1-0: Swinging Strike 1-1: Ball 2-1: Ball 3-1: Swinging Strike 3-2: Base on Balls
|
|
Batting: LHB Stephen Van Raalte
|
0-0: Ball 1-0: Ball 2-0: Called Strike 2-1: Grounds into double play, U6-3 (Groundball, 4M, EV 105.6 MPH)
|
| Bottom of the 4th over - 0 runs, 0 hits, 0 errors, 0 left on base; Sacramento 2 - Oklahoma City 1 |
| TOP OF THE 5TH |
|
Sacramento River Cats batting - Pitching for Oklahoma City Dodgers : LHP Wayne Perry
|
|
Batting: LHB Mason Duffy
|
0-0: Ball 1-0: Foul Ball, location: 2F 1-1: Called Strike 1-2: Foul Ball, location: 2F 1-2: SINGLE (Groundball, 4MD, EV 105.0 MPH)
|
|
Batting: RHB Brian Rogers
|
0-0: Called Strike 0-1: Called Strike 0-2: Fielders Choice at 2nd, 5-4 (Groundball, 56, EV 88.1 MPH)
|
|
Batting: LHB Dillon Gonzalez
|
0-0: Called Strike Brian Rogers steals 2nd, throwing error, E2 Brian Rogers to third 0-1: Called Strike 0-2: Foul Ball, location: 2F 0-2: Ball 1-2: Foul Ball, location: 2F 1-2: Foul Ball, location: 2F 1-2: SINGLE (Line Drive, 9LS, EV 104.4 MPH) Brian Rogers scores
|
|
Batting: RHB Justin Bonner
|
0-0: Called Strike 0-1: Called Strike 0-2: Ball 1-2: Strikes out swinging
|
|
Batting: RHB Tyler Mapes
|
0-0: Ball 1-0: Ball 2-0: Swinging Strike 2-1: Ball 3-1: Base on Balls Dillon Gonzalez to second
|
|
Batting: LHB Pauli Gassinger
|
0-0: Foul Ball, location: 2F 0-1: Swinging Strike 0-2: SINGLE (Groundball, 4, EV 106.9 MPH) Dillon Gonzalez to third Tyler Mapes to second Runner from 3rd tries for Home, SAFE, throw by CF to home Tyler Mapes to third Pauli Gassinger to second
|
|
Batting: RHB Carlos Talavera
|
0-0: Called Strike 0-1: Ball 1-1: Ball 2-1: Swinging Strike 2-2: Ground out 3-1 (Groundball, 34S, EV 78.1 MPH)
|
| Top of the 5th over - 2 runs, 3 hits, 1 error, 2 left on base; Sacramento 4 - Oklahoma City 1 |
| BOTTOM OF THE 5TH |
|
Oklahoma City Dodgers batting - Pitching for Sacramento River Cats : LHP Dave Burridge
|
|
Batting: LHB Chris Buchan
|
0-0: Ball 1-0: Ground out 4-3 (Groundball, 34D, EV 110.0 MPH)
|
|
Batting: LHB Steve Pond
|
0-0: SINGLE (Flyball, 8LS, EV 88.8 MPH)
|
|
Batting: LHB Tore Bosch
|
0-0: Ball 1-0: Ball 2-0: DOUBLE (Line Drive, 89D, EV 106.2 MPH) Steve Pond to third
|
|
Batting: LHB Darrell Ortega
|
0-0: Ball 1-0: Fly out, F8 (Flyball, 8RXD, EV 82.5 MPH) Runner from 3rd tags up, SCORES, no throw by CF
|
|
Batting: RHB Rick Pittman
|
0-0: Called Strike 0-1: Swinging Strike 0-2: Ball 1-2: Foul Ball, location: 2F 1-2: SINGLE (Groundball, 56D, EV 99.4 MPH) Tore Bosch to third Runner from 3rd tries for Home, SAFE, throw by LF to home
|
|
Batting: RHB Theo Schepers
|
0-0: Called Strike 0-1: Called Strike 0-2: Ball 1-2: Strikes out swinging
|
| Bottom of the 5th over - 2 runs, 3 hits, 0 errors, 1 left on base; Sacramento 4 - Oklahoma City 3 |
| TOP OF THE 6TH |
|
Sacramento River Cats batting - Pitching for Oklahoma City Dodgers : LHP Wayne Perry
|
|
Batting: LHB Franklin Quezada
|
0-0: Called Strike 0-1: Foul Ball, location: 2F 0-2: Ball 1-2: Ball 2-2: Ground out 2-3 (Groundball, 13S, EV 63.8 MPH)
|
|
Batting: RHB Steve Jones
|
0-0: Ground out 4-3 (Groundball, 4M, EV 85.6 MPH)
|
|
Batting: LHB Mason Duffy
|
0-0: Ball 1-0: Called Strike 1-1: Ball 2-1: Ball 3-1: Foul Ball, location: 2F 3-2: Foul Ball, location: 2F 3-2: Base on Balls
|
|
Pitching: RHP Doug Frampton
|
|
|
Batting: RHB Brian Rogers
|
0-0: Called Strike 0-1: Ball 1-1: DOUBLE (Line Drive, 3D, EV 100.0 MPH) Mason Duffy to third Runner from 3rd tries for Home, SAFE, throw by RF to home
|
|
Batting: LHB Dillon Gonzalez
|
0-0: Called Strike 0-1: Ball 1-1: SINGLE (Line Drive, 56, EV 94.4 MPH) Brian Rogers to third
|
|
Batting: RHB Justin Bonner
|
0-0: Ball 1-0: Ball 2-0: Called Strike 2-1: Ball 3-1: Base on Balls Dillon Gonzalez to second
|
|
Batting: RHB Tyler Mapes
|
0-0: Swinging Strike 0-1: Ball 1-1: Foul Ball, location: 2F 1-2: Strikes out looking
|
| Top of the 6th over - 1 run, 2 hits, 0 errors, 3 left on base; Sacramento 5 - Oklahoma City 3 |
| BOTTOM OF THE 6TH |
|
Oklahoma City Dodgers batting - Pitching for Sacramento River Cats : LHP Dave Burridge
|
|
Batting: RHB Tommy Hunter
|
0-0: Ball 1-0: Called Strike 1-1: Ball 2-1: Ball 3-1: Foul Ball, location: 2F 3-2: Ground out 6-3 (Groundball, 6, EV 83.8 MPH)
|
|
Batting: RHB Alex Cid
|
0-0: Ball 1-0: Foul Ball, location: 2F 1-1: Foul Ball, location: 2F 1-2: Ground out 4-3 (Groundball, 4, EV 91.2 MPH)
|
|
Batting: LHB Stephen Van Raalte
|
0-0: Ball 1-0: Swinging Strike 1-1: Fly out, F4 (Popup, 34D, EV 45.0 MPH)
|
| Bottom of the 6th over - 0 runs, 0 hits, 0 errors, 0 left on base; Sacramento 5 - Oklahoma City 3 |
| TOP OF THE 7TH |
|
Sacramento River Cats batting - Pitching for Oklahoma City Dodgers : RHP Doug Frampton
|
|
Batting: LHB Pauli Gassinger
|
0-0: Called Strike 0-1: Called Strike 0-2: Foul Ball, location: 2F 0-2: Strikes out looking
|
|
Batting: RHB Carlos Talavera
|
0-0: Ball 1-0: Foul Ball, location: 2F 1-1: Called Strike 1-2: Foul Ball, location: 2F 1-2: Strikes out swinging
|
|
Batting: LHB Franklin Quezada
|
0-0: SINGLE (Groundball, 6S, EV 70.0 MPH) (infield hit)
|
|
Batting: RHB Steve Jones
|
0-0: Called Strike 0-1: SINGLE (Groundball, 6MD, EV 94.4 MPH) Franklin Quezada to second Runner from 2nd tries for 3rd, SAFE, throw by CF made to third
|
|
Batting: LHB Mason Duffy
|
0-0: Foul Ball, location: 2F 0-1: Ball 1-1: Ball 2-1: Ground out 4-3 (Groundball, 4, EV 101.9 MPH)
|
| Top of the 7th over - 0 runs, 2 hits, 0 errors, 2 left on base; Sacramento 5 - Oklahoma City 3 |
| BOTTOM OF THE 7TH |
|
Oklahoma City Dodgers batting - Pitching for Sacramento River Cats : LHP Dave Burridge
|
|
Pitching: RHP Takashi Kino
|
|
|
Batting: LHB Chris Buchan
|
0-0: Swinging Strike 0-1: Ball 1-1: Foul Ball, location: 2F 1-2: Strikes out swinging
|
|
Batting: LHB Steve Pond
|
0-0: Called Strike 0-1: Ball 1-1: Swinging Strike 1-2: Strikes out swinging
|
|
Batting: LHB Tore Bosch
|
0-0: Called Strike 0-1: Ball 1-1: Ball 2-1: Ball 3-1: Swinging Strike 3-2: Base on Balls
|
|
Batting: LHB Darrell Ortega
|
0-0: Ground out 4-3 (Groundball, 4, EV 103.8 MPH)
|
| Bottom of the 7th over - 0 runs, 0 hits, 0 errors, 1 left on base; Sacramento 5 - Oklahoma City 3 |
| TOP OF THE 8TH |
|
Sacramento River Cats batting - Pitching for Oklahoma City Dodgers : RHP Doug Frampton
|
|
Pitching: RHP Aaron Schneider
|
|
|
Batting: RHB Brian Rogers
|
0-0: Ground out 6-3 (Groundball, 6, EV 89.4 MPH)
|
|
Batting: LHB Dillon Gonzalez
|
0-0: Fly out, F6 (Popup, 6MS, EV 80.6 MPH)
|
|
Batting: RHB Justin Bonner
|
0-0: Ball 1-0: Ball 2-0: Foul Ball, location: 2F 2-1: SINGLE (Flyball, 78S, EV 94.4 MPH)
|
|
Batting: RHB Tyler Mapes
|
0-0: Foul Ball, location: 2F 0-1: Called Strike 0-2: Ball 1-2: Ball 2-2: Ball Justin Bonner is caught stealing 2nd base 2-4
|
| Top of the 8th over - 0 runs, 1 hit, 0 errors, 0 left on base; Sacramento 5 - Oklahoma City 3 |
| BOTTOM OF THE 8TH |
|
Oklahoma City Dodgers batting - Pitching for Sacramento River Cats : RHP Takashi Kino
|
|
Pitching: RHP Jonathan Simi
|
|
|
Now at 1B: Jose Rivera
|
|
|
Batting: RHB Rick Pittman
|
0-0: Ground out 5-3 (Groundball, 56, EV 83.8 MPH)
|
|
Batting: RHB Theo Schepers
|
0-0: Ball 1-0: Ball 2-0: Ball 3-0: Base on Balls
|
|
Batting: RHB Tommy Hunter
|
0-0: Foul Ball, location: 2F 0-1: Swinging Strike 0-2: Ball 1-2: Foul Ball, location: 2F 1-2: Strikes out swinging
|
|
Batting: RHB Alex Cid
|
0-0: Foul Ball, location: 2F 0-1: Ball 1-1: Ball 2-1: Foul Ball, location: 2F 2-2: Ground out 1-3 (Groundball, 34S, EV 70.0 MPH)
|
| Bottom of the 8th over - 0 runs, 0 hits, 0 errors, 1 left on base; Sacramento 5 - Oklahoma City 3 |
| TOP OF THE 9TH |
|
Sacramento River Cats batting - Pitching for Oklahoma City Dodgers : RHP Aaron Schneider
|
|
Pitching: RHP André Gaillard
|
|
|
Batting: RHB Tyler Mapes
|
0-0: Swinging Strike 0-1: Swinging Strike 0-2: Ball 1-2: Foul Ball, location: 2F 1-2: Foul Ball, location: 2F 1-2: Strikes out swinging
|
|
Batting: LHB Pauli Gassinger
|
0-0: Ball 1-0: Ball 2-0: SINGLE (Groundball, 34D, EV 101.2 MPH) (infield hit)
|
|
Batting: RHB Carlos Talavera
|
0-0: Fly out, F8 (Flyball, 8RD, EV 102.5 MPH)
|
|
Batting: LHB Franklin Quezada
|
0-0: Swinging Strike 0-1: Ball 1-1: SINGLE (Groundball, 6M, EV 101.2 MPH) Pauli Gassinger to second Runner from 2nd tries for 3rd, SAFE, throw by CF made to third Franklin Quezada to second
|
|
Batting: RHB Steve Jones
|
0-0: Swinging Strike 0-1: Called Strike 0-2: Foul Ball, location: 2F 0-2: Ball 1-2: Foul Ball, location: 2F 1-2: Ball 2-2: Strikes out swinging
|
| Top of the 9th over - 0 runs, 2 hits, 0 errors, 2 left on base; Sacramento 5 - Oklahoma City 3 |
| BOTTOM OF THE 9TH |
|
Oklahoma City Dodgers batting - Pitching for Sacramento River Cats : RHP Jonathan Simi
|
|
Pitching: RHP Harry Dickson
|
|
|
Now in CF: Carlos Rodriguez
|
|
|
Now in RF: Franklin Quezada
|
|
|
Batting: LHB Stephen Van Raalte
|
0-0: Ball 1-0: Ball 2-0: Swinging Strike 2-1: Swinging Strike 2-2: Strikes out swinging
|
|
Batting: LHB Chris Buchan
|
0-0: Ball 1-0: Ball 2-0: Hit by Pitch
|
|
Batting: LHB Steve Pond
|
0-0: Called Strike 0-1: Foul Ball, location: 2F 0-2: Strikes out swinging
|
|
Batting: LHB Tore Bosch
|
0-0: Reached on error, E1 (Groundball, 25, EV 68.8 MPH) Chris Buchan to third
|
|
Batting: LHB Darrell Ortega
|
0-0: Ground out 6-3 (Groundball, 6, EV 90.0 MPH)
|
| Bottom of the 9th over - 0 runs, 0 hits, 1 error, 2 left on base; Sacramento 5 - Oklahoma City 3 |
|